Map: Heavy Artillery LE

Players

Lars - Winner!

  • Race: Terran Terran
  • League: Diamond
  • Spawn Location: 7:00

mokkabonna - Winner!

  • Race: Zerg Zerg
  • League: Diamond
  • Spawn Location: 7:00

qqq

  • Race: Zerg Zerg
  • League: Platinum
  • Spawn Location: 3:00

Massa

  • Race: Terran Terran
  • League: Platinum
  • Spawn Location: 1:00

VOD

Have the link to the VOD?

Description

Time

  • Played on: Sept. 6, 2020, 10:44 a.m.
  • Length: 26:05
Show
View Real Time Build Order
Export as new Build Order

Lars Terran - Winner!

Build Orders: 2 Factory, Reaper Expand, Mech 

Get SALT Encoding   

  12  0:01  SCV  
  13  0:13  SCV  
  14  0:18  Supply Depot  
  14  0:25  SCV  
  15  0:40  SCV  
  15  0:41  Barracks  
  16  0:46  Refinery  
  16  0:52  SCV  
  17  1:04  SCV  
  18  1:16  SCV  
  19  1:29  Supply Depot  
  19  1:31  Reaper  
  19  1:32  Orbital Command  
  20  1:47  Command Center  
  20  1:59  SCV  
  21  2:05  Marine  
  22  2:18  SCV  
  22  2:22  Refinery  
  23  2:23  Marine  
  24  2:37  SCV  
  25  2:41  Marine  
  26  2:49  SCV  
  26  2:51  Factory x2  
  27  2:59  Marine  
  27  3:03  SCV  
  27  3:04  Orbital Command  
  29  3:15  SCV  
  30  3:27  SCV  
  30  3:28  Refinery  
  31  3:34  Factory Tech Lab, Factory Reactor  
  31  3:37  Starport  
  31  3:38  Refinery  
  31  3:39  SCV  
  31  3:40  SCV  
  33  3:44  Marine  
  34  3:51  SCV  
  34  3:52  SCV  
  34  3:53  Siege Tank  
  39  4:03  SCV  
  39  4:04  SCV  
  39  4:06  Marine  
  42  4:15  SCV  
  42  4:16  SCV  
  44  4:27  SCV, Factory  
  44  4:31  SCV  
  46  4:33  Command Center  
  46  4:38  Engineering Bay  
  46  4:41  Factory Reactor  
  46  5:03  Supply Depot  
  46  5:04  Factory  
  46  5:10  Supply Depot  
  46  5:15  Supply Depot  
  46  5:24  Liberator  
  46  5:25  SCV x2, Siege Tank  
  46  5:26  Missile Turret  
  54  5:30  Missile Turret  
  54  5:32  Widow Mine x2  
  58  5:37  SCV x2  
  60  5:43  Armory  
  60  5:47  Orbital Command  
  60  5:53  Missile Turret  
  60  5:54  SCV  
  61  6:06  Siege Tank  
  61  6:07  Widow Mine, Factory Tech Lab  
  61  6:08  Factory Tech Lab  
  66  6:19  SCV x3  
  66  6:21  Supply Depot  
  66  6:22  Supply Depot  
  66  6:25  Supply Depot  
  69  6:29  Refinery x2  
  69  6:31  SCV  
  70  6:35  Supply Depot  
  70  6:36  Supply Depot  
  70  6:38  SCV  
  69  6:49  Siege Tank  
  69  6:50  Widow Mine x3  
  78  6:56  SCV x2  
  78  7:00  Supply Depot  
  80  7:02  SCV  
  80  7:03  Missile Turret  
  80  7:06  Missile Turret  
  80  7:07  Siege Tank  
  85  7:08  SCV x2  
  85  7:11  Widow Mine x2  
  85  7:12  Widow Mine  
  85  7:14  SCV  
  85  7:15  Terran Vehicle Weapons Level 1  
  93  7:20  Armory  
  93  7:21  Hi-Sec Auto Tracking  
  93  7:22  Widow Mine  
  92  7:23  SCV  
  89  8:19  Supply Depot  
  87  8:33  Thor x3  
  109  8:34  Widow Mine x2  
  109  8:35  Command Center  
  109  8:36  Refinery  
  109  8:37  Refinery  
  109  8:39  Missile Turret  
  109  8:40  Missile Turret  
  109  8:46  Terran Vehicle And Ship Armor Level 1  
  109  8:47  Neosteel Armor  
  109  8:48  SCV x2  
  111  8:52  Drilling Claws  
  111  8:55  Liberator  
  111  8:58  SCV  
  111  8:59  Missile Turret  
  111  9:01  Missile Turret  
  115  9:05  SCV  
  115  9:07  Hellion x2  
  120  9:15  Thor  
  120  9:16  Hellion x2  
  130  9:23  Missile Turret x2  
  130  9:25  SCV x3  
  130  9:28  Hellion x2  
  137  9:37  Hellion  
  139  9:50  Hellion x3  
  145  9:59  Widow Mine x2  
  149  10:04  SCV  
  150  10:11  Widow Mine x2  
  150  10:12  Widow Mine  
  156  10:21  Widow Mine, Planetary Fortress  
  155  10:25  Siege Tank  
  152  10:33  Widow Mine x2  
  156  10:37  Supply Depot  
  156  10:44  SCV x3  
  156  10:52  Terran Vehicle And Ship Armor Level 2, Terran Vehicle Weapons Level 2, Supply Depot  
  156  10:53  Supply Depot  
  156  10:58  SCV x2, Siege Tank x2  
  164  11:12  Hellion x9  
  164  11:13  SCV x4, Hellion  
  164  11:14  Widow Mine x2  
  164  11:15  Widow Mine  
  164  11:16  Command Center, Supply Depot x2  
  174  11:25  SCV x3  
  174  11:28  SCV  
  174  11:31  Widow Mine  
  180  11:37  Widow Mine, Siege Tank x2  
  180  11:38  Widow Mine, SCV x2  
  180  11:39  Supply Depot  
  192  11:43  Supply Depot  
  190  11:52  Siege Tank  
  193  11:59  Widow Mine  
  193  12:01  Widow Mine  
  197  12:09  Siege Tank  
  198  12:20  Widow Mine  
  200  12:31  Factory  
  200  12:34  Orbital Command, Factory  
  200  12:35  Factory, Missile Turret  
  198  12:37  SCV x2  
  194  12:54  Missile Turret  
  190  13:16  Missile Turret  
  155  13:56  Siege Tank x3  
  155  13:57  Widow Mine x2  
  155  13:59  Factory Tech Lab x3  
  142  14:18  Widow Mine, Supply Depot  
  142  14:21  Siege Tank x3  
  142  14:22  Widow Mine  
  155  14:24  Terran Vehicle And Ship Armor Level 3, Terran Vehicle Weapons Level 3  
  155  14:28  Siege Tank x3  
  155  14:30  Refinery  
  164  14:40  Widow Mine  
  164  14:42  Supply Depot  
  164  14:43  Widow Mine  
  165  14:53  Widow Mine, Thor x2  
  179  15:00  Widow Mine x2  
  176  15:27  Thor x2  
  188  15:29  Cyclone x2  
  188  15:31  Liberator x2  
  182  16:01  Cyclone x2  
  186  16:09  Missile Turret  
  186  16:10  Command Center  
  174  16:13  Refinery  
  174  16:14  Refinery, Missile Turret  
  169  16:19  Siege Tank x3  
  169  16:20  Widow Mine x2, Siege Tank  
  177  16:33  Widow Mine x2  
  181  16:41  Widow Mine  
  181  16:42  Widow Mine  
  182  16:52  Widow Mine x4  
  184  16:55  Widow Mine x2  
  188  17:03  Widow Mine x2  
  181  17:13  Widow Mine, Siege Tank x2  
  145  18:17  Orbital Command  
  145  18:19  Planetary Fortress  
  143  18:27  Widow Mine, Siege Tank x4  
  147  18:28  Widow Mine x2  
  147  18:33  Siege Tank  
  158  18:49  Widow Mine x3  
  158  18:50  SCV  
  158  18:51  SCV x2  
  165  18:59  Widow Mine x3, Siege Tank  
  174  19:03  SCV x3  
  174  19:04  SCV x2  
  174  19:05  SCV, Siege Tank  
  174  19:07  Missile Turret  
  174  19:08  Missile Turret  
  183  19:10  Widow Mine x2, Siege Tank  
  179  19:20  Widow Mine, Siege Tank  
  179  19:21  Widow Mine  
  182  19:31  Siege Tank  
  182  19:32  Widow Mine x2  
  182  19:37  Siege Tank  
  189  19:42  Widow Mine x2  
  190  19:54  Liberator x2  
  193  20:04  Thor  
  189  20:55  Widow Mine x6, Siege Tank x2  
  199  21:03  Refinery  
  199  21:04  Command Center x2  
  197  21:12  Liberator  
  200  21:29  Refinery  
  188  22:14  Liberator x2  
  194  22:16  Marine  
  161  22:34  Marine  
  162  22:43  Siege Tank  
  162  22:44  Widow Mine x4, Siege Tank x3  
  177  22:49  Planetary Fortress  
  177  22:50  Planetary Fortress  
  182  22:51  Marine  
  182  22:57  Liberator x2  
  187  23:01  Missile Turret  
  187  23:05  Widow Mine x2, Siege Tank  
  194  23:06  Widow Mine  
  196  23:16  Widow Mine x3, Siege Tank  
  199  23:20  Missile Turret  
  193  23:37  Thor, Siege Tank  
  193  23:38  Widow Mine x2  
  193  23:40  Liberator  
  196  23:42  Widow Mine, Siege Tank  
  181  23:59  Siege Tank x2  
  163  24:33  Thor x2  
  163  24:34  Thor x4  
  163  24:35  Widow Mine x2  
  180  24:56  Widow Mine x2  
  166  25:16  Thor x4  
  166  25:17  Widow Mine, Thor  
  166  25:18  Widow Mine  
  200  25:27  Missile Turret  
  200  25:31  Command Center, Missile Turret  
  200  25:33  Missile Turret  
  200  25:34  Missile Turret  
  200  25:35  Missile Turret  
  181  25:58  Refinery  
  181  26:02  Missile Turret  
  181  26:04  Missile Turret  
Show
View Real Time Build Order
Export as new Build Order

mokkabonna Zerg - Winner!

Build Orders: Pool First 

Get SALT Encoding   

  12  0:00  Drone  
  13  0:13  Drone  
  14  0:16  Overlord  
  14  0:35  Drone x3  
  17  0:47  Drone  
  18  0:50  Extractor  
  18  0:53  Spawning Pool  
  16  0:57  Drone  
  17  1:08  Drone  
  18  1:22  Drone  
  19  1:28  Hatchery  
  19  1:29  Overlord  
  18  1:40  Queen  
  20  1:52  Zergling x2  
  20  1:54  Drone  
  22  1:57  Metabolic Boost  
  22  2:05  Zergling x2  
  23  2:15  Zergling x2  
  24  2:34  Drone x2  
  26  2:40  Queen  
  26  2:42  Drone  
  29  2:46  Lair  
  29  2:48  Drone  
  30  2:58  Drone x2  
  30  2:59  Drone x2  
  30  3:03  Overlord  
  34  3:09  Drone  
  35  3:24  Evolution Chamber  
  34  3:28  Drone x3  
  34  3:29  Drone  
  34  3:31  Spine Crawler  
  37  3:35  Evolution Chamber  
  37  3:39  Spine Crawler  
  37  3:40  Zergling x4  
  37  3:41  Zergling x4  
  39  3:42  Queen  
  41  3:57  Spore Crawler  
  39  4:04  Zergling x2  
  39  4:05  Zergling x10  
  39  4:22  Evolution Chamber  
  38  4:29  Zerg Melee Weapons Level 1  
  38  4:30  Drone x2  
  38  4:31  Drone x4  
  43  4:32  Overlord x2  
  43  4:35  Extractor  
  43  4:36  Extractor  
  42  4:39  Spore Crawler  
  40  4:58  Spine Crawler  
  39  5:03  Drone x3  
  39  5:04  Drone, Zergling x2  
  39  5:05  Zergling x8  
  48  5:12  Spine Crawler  
  47  5:16  Spine Crawler  
  46  5:23  Drone  
  46  5:24  Drone x2  
  49  5:30  Hydralisk Den  
  49  5:32  Extractor  
  49  5:35  Queen, Infestation Pit  
  46  5:37  Drone  
  49  5:48  Drone x3  
  49  5:49  Drone  
  53  5:59  Spire  
  53  6:00  Drone  
  53  6:02  Drone  
  54  6:14  Drone x2  
  54  6:16  Drone x2  
  54  6:17  Drone  
  59  6:22  Spore Crawler  
  59  6:23  Spore Crawler  
  57  6:26  Spine Crawler  
  57  6:29  Drone x2  
  58  6:34  Drone  
  58  6:36  Overlord  
  59  6:50  Overlord  
  59  6:51  Overlord  
  59  6:58  Evolution Chamber  
  58  7:01  Overseer  
  58  7:05  Drone x2  
  58  7:08  Pathogen Glands  
  60  7:10  Grooved Spines  
  60  7:11  Hydralisk x2  
  62  7:37  Pneumatized Carapace  
  62  7:38  Mutalisk  
  62  7:39  Mutalisk x4  
  72  7:50  Mutalisk x2  
  76  7:52  Overlord x3  
  65  8:20  Queen  
  67  8:30  Mutalisk x3  
  67  8:31  Mutalisk  
  73  8:40  Hydralisk x2  
  73  8:41  Hydralisk  
  77  8:43  Overlord x3  
  79  8:55  Hydralisk  
  79  8:56  Hydralisk x2  
  79  8:57  Overlord x3  
  85  9:03  Zergling x2  
  85  9:05  Zerg Missile Weapons Level 1  
  86  9:22  Zergling x2  
  86  9:23  Zergling x8  
  86  9:24  Overseer  
  91  9:27  Zerg Ground Armor Level 1  
  91  9:33  Hatchery  
  91  9:45  Zergling x2  
  91  9:46  Zergling x16  
  99  9:55  Hydralisk  
  99  9:56  Hydralisk  
  94  10:09  Mutalisk x2  
  97  10:23  Hydralisk  
  97  10:24  Hydralisk x2  
  103  10:33  Drone  
  104  10:47  Infestor x2  
  104  10:49  Overseer  
  108  10:51  Hatchery  
  108  10:56  Zerg Melee Weapons Level 2  
  107  10:58  Zergling x4  
  107  10:59  Zergling x2  
  107  11:02  Baneling Nest  
  109  11:41  Mutalisk  
  109  11:42  Mutalisk x4  
  109  11:45  Zergling x20  
  129  11:54  Centrifical Hooks  
  129  12:02  Drone x4  
  129  12:03  Drone x2  
  129  12:04  Queen  
  137  12:22  Infestor x2  
  137  12:24  Drone x6  
  147  12:35  Hydralisk  
  147  12:36  Hydralisk x2  
  153  12:40  Drone  
  153  12:41  Drone x4  
  158  12:47  Extractor  
  158  12:48  Extractor  
  158  12:49  Extractor  
  158  12:50  Drone x3, Extractor  
  158  12:51  Drone  
  155  13:17  Hydralisk  
  155  13:18  Hydralisk  
  155  13:19  Overlord  
  159  13:20  Overlord x8  
  159  13:30  Drone  
  159  13:32  Overlord x3  
  160  13:54  Zergling x2  
  154  13:58  Baneling x14  
  154  13:59  Baneling x11  
  154  14:00  Zergling x12  
  154  14:01  Zergling x2  
  159  14:26  Zerg Ground Armor Level 2, Zerg Missile Weapons Level 2  
  159  14:30  Hive  
  159  14:42  Zergling x8  
  159  14:43  Zergling x16  
  150  14:55  Zergling x6  
  152  15:14  Hydralisk x5  
  148  15:19  Roach Warren  
  157  15:32  Hatchery  
  146  15:37  Hydralisk x4  
  123  16:08  Roach  
  123  16:09  Roach x11  
  99  16:25  Hydralisk  
  94  16:26  Hydralisk x2  
  88  16:37  Zergling x6  
  76  16:54  Zergling x2  
  76  16:55  Zergling x14  
  69  17:02  Zergling x2  
  69  17:03  Zergling x4  
  66  17:11  Infestor  
  66  17:12  Infestor x2  
  72  17:22  Baneling  
  72  17:23  Baneling x15  
  72  17:25  Zergling x6  
  72  17:28  Extractor  
  74  17:31  Extractor  
  73  17:40  Infestor x3  
  73  17:41  Infestor  
  81  17:47  Drone  
  81  17:48  Drone x2  
  84  18:10  Infestor  
  84  18:11  Infestor x4  
  84  18:12  Zergling x4  
  94  18:32  Zergling x2  
  94  18:33  Zergling x16  
  81  18:40  Drone x3  
  84  18:48  Drone  
  84  18:49  Drone x3  
  88  19:10  Neural Parasite  
  88  19:15  Roach  
  88  19:16  Roach x5  
  74  19:56  Roach x14  
  74  19:57  Roach x2  
  107  20:14  Roach x4  
  107  20:15  Roach x5  
  89  20:52  Hatchery, Roach  
  89  20:53  Roach x10  
  100  21:05  Zergling x2  
  100  21:06  Zergling x2  
  89  21:54  Zergling x2  
  89  21:55  Zergling x10  
  95  22:14  Zergling x2  
  95  22:15  Zergling x4  
  98  22:16  Hatchery  
  97  22:25  Hatchery  
  97  22:27  Hatchery  
  97  22:29  Zergling x12  
  101  22:31  Hatchery  
  101  22:32  Hatchery  
  99  23:03  Greater Spire  
  99  23:06  Zerg Missile Weapons Level 3  
  99  23:07  Zerg Ground Armor Level 3  
  99  23:08  Zerg Melee Weapons Level 3  
  99  23:10  Hydralisk x10  
  119  23:14  Glial Reconstitution  
  119  23:18  Muscular Augments  
  119  23:19  Adrenal Glands  
  119  23:33  Extractor  
  118  23:39  Drone  
  118  23:40  Drone x2  
  121  24:01  Nydus Network  
  120  24:14  Corruptor x4  
  120  24:15  Corruptor x4  
  120  24:16  Overlord  
  136  24:17  Overlord x12  
  136  24:19  Drone x2  
  138  24:38  Corruptor  
  138  24:41  Drone x5  
  138  24:44  Extractor  
  138  24:45  Extractor  
  143  25:05  Brood Lord  
  145  25:15  Drone x5  
  145  25:19  Drone x2  
  145  25:20  Drone  
  153  25:22  Brood Lord  
  153  25:26  Extractor  
  154  25:34  Brood Lord  
  156  25:38  Brood Lord  
  158  25:42  Zergling x2  
  158  25:43  Zergling x28  
  158  25:44  Zergling x12  
Show
View Real Time Build Order
Export as new Build Order

qqq Zerg 

Build Orders: Hatch First, Lurkers, Swarm Host 

Get SALT Encoding   

  12  0:03  Drone  
  13  0:08  Drone  
  14  0:34  Hatchery  
  13  0:48  Drone  
  14  0:55  Spawning Pool  
  13  1:03  Overlord  
  13  1:09  Drone  
  14  1:13  Extractor  
  14  1:14  Drone  
  15  1:32  Drone x2  
  15  1:37  Drone  
  17  1:42  Queen  
  19  2:02  Drone x2  
  19  2:04  Drone x2  
  23  2:10  Drone  
  23  2:15  Queen  
  25  2:23  Metabolic Boost  
  25  2:27  Zergling x2  
  26  2:37  Zergling x2  
  27  2:39  Overlord  
  27  2:40  Zergling x2  
  28  2:47  Overlord  
  28  3:00  Drone  
  28  3:01  Zergling x4, Evolution Chamber  
  28  3:02  Zergling x2  
  28  3:05  Drone  
  32  3:08  Zergling x2  
  33  3:15  Zergling x4  
  33  3:18  Drone  
  36  3:26  Zergling x2  
  37  3:27  Zerg Melee Weapons Level 1  
  37  3:29  Zergling x2  
  37  3:32  Drone  
  39  3:39  Zergling x2  
  39  3:40  Zergling x2  
  41  3:41  Drone  
  41  3:43  Drone  
  41  3:46  Drone  
  44  3:59  Overlord  
  44  4:00  Overlord  
  35  4:18  Zergling x6  
  35  4:19  Drone  
  35  4:20  Drone x2  
  41  4:30  Zergling x2  
  42  4:35  Zergling x2  
  42  4:37  Zergling x2  
  44  4:44  Hatchery  
  43  4:52  Zergling x2  
  44  4:54  Drone x2  
  44  4:58  Drone, Baneling Nest  
  46  5:03  Lair  
  46  5:11  Zergling x6  
  46  5:14  Zergling x6  
  52  5:23  Zerg Ground Armor Level 1  
  52  5:26  Drone x2, Extractor  
  52  5:28  Overlord  
  53  5:34  Drone x2  
  53  5:35  Zergling x2  
  56  6:01  Baneling x4  
  56  6:02  Baneling x4  
  56  6:03  Baneling  
  56  6:10  Extractor  
  55  6:11  Extractor  
  55  6:13  Drone x4  
  55  6:14  Drone x4  
  55  6:15  Zergling x8  
  55  6:16  Zergling x2  
  67  6:25  Queen  
  69  6:26  Drone  
  69  6:27  Overlord  
  69  6:30  Centrifical Hooks  
  69  6:31  Hatchery  
  69  6:44  Zergling x4  
  71  6:48  Drone x3  
  71  6:49  Drone x3  
  71  6:52  Zergling x6  
  78  7:04  Spore Crawler  
  78  7:05  Drone  
  76  7:10  Spore Crawler  
  76  7:14  Drone x2  
  76  7:15  Drone x2  
  77  7:29  Zergling x8  
  81  7:32  Overlord  
  81  7:35  Zerg Melee Weapons Level 2  
  81  7:41  Infestation Pit  
  80  7:45  Hydralisk Den  
  80  7:46  Drone  
  80  7:48  Overlord  
  80  7:49  Overlord x2  
  80  7:50  Drone x7  
  87  7:53  Baneling x4  
  87  7:54  Baneling  
  87  7:55  Baneling  
  87  7:56  Baneling  
  87  7:57  Baneling  
  59  8:20  Spore Crawler  
  59  8:24  Hydralisk x6  
  70  8:32  Drone x3, Spore Crawler  
  70  8:33  Drone x3  
  70  8:34  Drone x3  
  78  8:35  Spore Crawler  
  77  8:42  Hydralisk  
  77  8:44  Lurker Den, Zergling x2  
  79  8:54  Drone x2  
  81  8:58  Muscular Augments  
  81  9:06  Drone x3  
  81  9:08  Hydralisk  
  86  9:12  Hydralisk  
  86  9:14  Hydralisk x2  
  86  9:16  Zergling x2  
  94  9:17  Zergling x2  
  94  9:25  Drone x4  
  94  9:27  Extractor  
  94  9:29  Extractor  
  96  9:34  Hatchery  
  96  9:38  Hydralisk x3  
  97  9:40  Zergling x4  
  97  9:41  Drone x5  
  97  9:43  Spore Crawler  
  97  9:44  Spine Crawler, Spore Crawler  
  105  9:51  Zerg Missile Weapons Level 1  
  102  10:06  Zergling x8  
  105  10:07  Drone x4  
  105  10:08  Drone x2  
  105  10:09  Grooved Spines  
  85  10:37  Hydralisk x6, Spore Crawler  
  85  10:38  Spore Crawler  
  85  10:39  Drone x2  
  97  10:51  Spore Crawler  
  96  10:58  Lurker x3  
  96  11:00  Hive  
  96  11:02  Spore Crawler  
  96  11:04  Spore Crawler  
  97  11:09  Lurker x3  
  97  11:10  Lurker  
  101  11:12  Zergling x4  
  101  11:13  Zergling x14  
  110  11:39  Zergling x2  
  112  11:40  Zergling x6  
  112  11:44  Hatchery  
  112  11:46  Overlord x6  
  112  11:47  Overlord  
  110  11:50  Hydralisk  
  110  11:51  Hydralisk  
  114  11:54  Overlord x5  
  114  11:56  Zerg Ground Armor Level 2  
  114  12:09  Lurker x2  
  116  12:27  Hatchery  
  107  12:59  Overseer  
  107  13:01  Pneumatized Carapace  
  107  13:08  Hydralisk x5  
  107  13:12  Ultralisk Cavern  
  76  13:38  Hydralisk  
  76  13:39  Hydralisk  
  76  13:40  Zergling x6  
  83  13:42  Hydralisk x3, Zergling x10  
  83  13:44  Zergling x8, Swarm Host x3  
  83  13:45  Swarm Host x2  
  83  13:46  Swarm Host  
  137  13:58  Overseer  
  137  14:00  Overseer  
  137  14:01  Overlord  
  137  14:02  Overlord  
  137  14:03  Ultralisk x2  
  137  14:04  Zergling x8  
  145  14:18  Swarm Host x3  
  145  14:20  Zergling x6  
  145  14:21  Zergling x4  
  159  14:28  Burrow  
  159  14:56  Ultralisk x2  
  114  16:11  Ultralisk x4  
  114  16:12  Ultralisk x2  
  132  16:28  Zergling x12  
  138  16:50  Hatchery  
  130  17:36  Ultralisk x6  
  117  18:15  Drone x2  
  119  18:20  Ultralisk x3  
  119  18:23  Hydralisk x2  
  134  18:38  Hatchery  
  133  18:44  Overseer  
  133  18:45  Anabolic Synthesis  
  133  19:11  Zergling x12  
  133  19:12  Zergling x6  
  122  19:42  Ultralisk x3  
  82  20:15  Overseer  
  82  20:17  Overseer  
  82  20:18  Hydralisk  
  82  20:19  Hydralisk x4  
  92  20:24  Extractor  
  92  20:25  Extractor  
  85  20:59  Ultralisk  
  85  21:00  Zergling x4, Ultralisk  
  85  21:01  Zergling x4  
  95  21:19  Spire  
  95  21:23  Swarm Host x4  
  76  22:27  Overseer x2  
  76  22:28  Overlord x2  
  76  22:36  Lurker  
  77  22:37  Lurker  
  77  22:44  Mutalisk x2  
  79  23:09  Hatchery  
  79  23:11  Mutalisk x2  
  82  23:48  Corruptor  
  82  23:49  Corruptor  
Show
View Real Time Build Order
Export as new Build Order

Massa Terran 

Build Orders: Gas First Reaper Expand 

Get SALT Encoding   

  12  0:00  SCV  
  13  0:12  SCV  
  14  0:23  Supply Depot  
  14  0:24  SCV  
  15  0:29  Refinery  
  15  0:45  SCV  
  15  0:48  Barracks  
  16  0:57  SCV  
  17  1:09  SCV  
  18  1:21  SCV  
  19  1:35  Reaper  
  19  1:38  Command Center  
  20  1:44  Orbital Command  
  20  2:06  Marine  
  21  2:10  Factory  
  21  2:25  Barracks Reactor  
  21  2:29  SCV  
  22  2:41  SCV  
  23  2:52  Orbital Command  
  23  2:53  SCV  
  23  2:57  Barracks  
  24  3:14  Hellion, Supply Depot  
  24  3:15  Hellion  
  28  3:24  SCV x2  
  30  3:31  Refinery  
  30  3:35  Starport  
  30  3:36  SCV x2, Hellion  
  30  3:37  Supply Depot  
  30  3:41  Hellion  
  36  3:42  Barracks Tech Lab  
  36  3:59  Supply Depot  
  35  4:15  Hellion x2  
  39  4:17  Barracks Reactor  
  39  4:18  Marauder  
  39  4:19  Stimpack  
  39  4:22  Supply Depot  
  41  4:37  Hellion x2  
  45  4:39  Marauder, Command Center  
  45  4:40  Engineering Bay  
  45  4:43  Engineering Bay  
  47  4:47  Armory  
  47  4:58  Marine  
  47  4:59  Marine  
  49  5:00  Marauder  
  49  5:04  SCV x2  
  53  5:16  SCV x2  
  55  5:28  SCV, Missile Turret  
  55  5:31  Missile Turret  
  55  5:32  Medivac  
  58  5:38  Terran Infantry Weapons Level 1  
  58  5:40  SCV  
  59  5:48  SCV  
  58  5:52  SCV, Missile Turret  
  59  6:02  Viking  
  63  6:05  Widow Mine x2  
  65  6:20  Refinery  
  65  6:22  Refinery, Orbital Command  
  65  6:23  SCV x2  
  67  6:35  SCV x2  
  69  6:45  Liberator  
  72  6:47  SCV x2  
  74  6:59  SCV x2  
  76  7:11  SCV  
  76  7:15  Orbital Command  
  77  7:28  Viking  
  81  7:30  Widow Mine x2  
  83  7:39  Barracks  
  83  7:46  Barracks  
  83  7:48  SCV x2  
  85  7:56  Supply Depot  
  85  8:02  Supply Depot  
  85  8:12  Medivac  
  85  8:18  SCV x3  
  85  8:19  Supply Depot  
  88  8:25  Supply Depot  
  88  8:30  SCV x2  
  85  8:42  Viking  
  85  8:47  Supply Depot  
  85  8:48  Barracks Reactor, Barracks Tech Lab  
  85  8:54  Marauder, Marine  
  85  8:55  Marine  
  89  8:57  Terran Infantry Armor Level 1, Terran Infantry Weapons Level 2  
  89  8:59  Terran Vehicle Weapons Level 1  
  89  9:04  Armory  
  89  9:12  Marine x2, Viking  
  89  9:15  Barracks, Marauder  
  95  9:17  Factory Tech Lab  
  95  9:30  Marine x2  
  95  9:37  Marauder  
  95  9:42  Viking  
  97  9:45  Combat Shield  
  97  9:48  Marine x2, Concussive Shells  
  97  9:50  Marauder, Marine x2  
  101  9:58  Marauder  
  103  10:05  Marine  
  103  10:06  Marine  
  101  10:08  Marine x2  
  101  10:11  Marauder  
  101  10:12  Viking  
  107  10:19  Marauder  
  104  10:23  Marine  
  104  10:24  Marine  
  104  10:26  Marine x2  
  108  10:31  Missile Turret  
  108  10:32  Marauder  
  108  10:33  Missile Turret  
  109  10:37  Refinery x2  
  109  10:40  Marine x2  
  109  10:41  Marauder, Marine x2  
  115  10:43  Marine, Thor  
  115  10:44  Marine  
  115  10:49  SCV x2  
  125  11:01  Terran Vehicle And Ship Armor Level 1, Supply Depot x2  
  125  11:04  Supply Depot x2  
  125  11:09  Missile Turret  
  125  11:23  SCV x3, Marauder x2, Marine x6  
  138  11:26  Thor, Supply Depot  
  138  11:27  Supply Depot  
  138  11:29  Missile Turret  
  138  11:30  Supply Depot x2  
  144  11:35  SCV x3  
  147  11:41  Marine x3  
  147  11:43  Factory  
  147  11:45  Marauder x2  
  154  11:47  SCV x3  
  154  11:50  Supply Depot  
  157  11:54  Medivac  
  157  11:56  Supply Depot  
  159  12:06  Marauder x2  
  161  12:13  Terran Vehicle Weapons Level 2  
  161  12:14  Starport  
  161  12:15  Terran Infantry Armor Level 2  
  161  12:16  Terran Infantry Weapons Level 3  
  161  12:24  Medivac  
  161  12:27  Marauder  
  163  12:45  Factory Tech Lab  
  163  12:53  Starport, Factory  
  163  13:07  Liberator x2, Command Center  
  168  13:39  Marauder  
  168  13:40  Marauder, Marine x6  
  178  13:45  Thor x2  
  188  13:50  Viking x2  
  190  13:57  Marine  
  190  13:58  Marine  
  190  14:01  Marauder x2  
  191  14:22  Marauder  
  191  14:23  Marauder  
  195  14:26  Marine  
  195  14:27  Marine x4  
  195  14:30  Factory Tech Lab  
  200  14:35  Terran Vehicle And Ship Armor Level 2, Terran Vehicle Weapons Level 3  
  200  14:37  Terran Infantry Armor Level 3  
  200  14:44  Marauder  
  195  15:34  Command Center  
  146  16:09  Marauder x2, Marine  
  146  16:10  Marine x5, Thor x2  
  146  16:11  Thor  
  146  16:27  Marine  
  146  16:28  Marine x2  
  146  16:30  Marauder  
  146  16:31  Marauder  
  146  16:52  Marauder x2  
  146  16:53  Thor x2  
  135  16:57  Marine x6  
  107  17:12  Thor  
  107  17:13  Marauder x2  
  107  17:14  Marine  
  107  17:15  Marine x5  
  116  17:32  Marine  
  116  17:33  Marine x5  
  116  17:35  Marauder x2  
  116  17:36  Thor x2  
  138  17:50  Marine x5  
  138  17:51  Marine  
  144  17:53  SCV x2  
  144  17:54  SCV  
  144  17:56  Marauder x2, Siege Tank  
  154  18:05  SCV x2  
  155  18:17  Marauder  
  155  18:18  Marauder  
  155  18:19  Siege Tank  
  143  19:22  Marauder  
  143  19:23  Marauder, Marine x6  
  152  19:36  Medivac x2  
  156  19:40  Marine  
  156  19:41  Marine x4  
  156  19:44  Marauder x2  
  165  20:05  Marauder  
  165  20:06  Marauder  
  169  20:13  Orbital Command  
  166  20:27  Marauder x2  
  146  20:48  Marauder x2  
  143  21:11  Orbital Command  
  143  21:14  Refinery  
  143  21:16  Refinery  
  143  21:18  SCV  
  144  21:30  SCV  
  145  21:42  SCV  
  145  21:43  Marauder x2, Marine x6  
  145  21:44  Thor x3  
  169  21:54  SCV  
  169  22:01  Marine x6  
  171  22:04  Marauder, Marine  
  171  22:06  SCV  
  180  22:08  Command Center  
  172  22:18  Marine  
  172  22:19  Marine x2  
  161  22:27  Thor x3  
  143  22:53  Terran Vehicle And Ship Armor Level 3  
  143  23:06  Marauder, Marine x3  
  143  23:07  Marauder, Marine x3  
  152  23:19  SCV x3  
  155  23:24  Marine x4  
  155  23:25  Marine x2  
  161  23:28  Marauder x2  
  163  23:42  Marine  
  164  23:49  Marauder x2  
  161  24:16  Marine  
  161  24:17  Marauder x2, Marine x3  
  164  24:38  Marauder x2  
  95  24:59  Marauder x2  
  53  25:17  Marine x3  
  53  25:18  Marine x2  
  53  25:21  Marauder x2  
  54  25:39  Widow Mine x2  
  54  25:42  Marauder x2  
Tags
 
Add a new tag
Caveats
  • Supply blocks, unpowered buildings, or Contaminate may cause inaccurate times.
  • Supply counts are checked every 10 seconds.